 Dungeon Crawl Stone Soup version 0.30-a0-923-g828ccac5a3 (webtiles) character file.

Game seed: 8988488366508123206

122504 MacCMillion the Tortoise (level 16, -5/155 HPs)
             Began as a Minotaur Fighter on Mar 22, 2023.
             Was the Champion of Nemelex Xobeh.
             Succumbed to a redback's poison
             ... on level 2 of the Spider Nest.
             The game lasted 00:56:43 (30154 turns).

MacCMillion the Tortoise (Minotaur Fighter)        Turns: 30154, Time: 00:56:44

Health: -5/155     AC: 39    Str: 35      XL:     16   Next: 34%
Magic:  25/25      EV:  8    Int:  3 (5)  God:    Nemelex Xobeh [******]
Gold:   2954       SH: 12    Dex: 10      Spells: 15/15 levels left

rFire   . . .      SeeInvis .    a - +2 broad axe (freeze)
rCold   + + .      Faith    .    s - +0 kite shield {reflect}
rNeg    . . .      Spirit   .    S - +2 crystal plate armour {rC+}
rPois   .          Reflect  +    (helmet restricted)
rElec   .          Rampage  .    k - +2 cloak {rC+}
rCorr   .                        H - +3 pair of gloves "Tigierr" {Regen+}
Will    ++...                    f - +2 pair of boots Stlth
                                 j - amulet of regeneration
HPRegen 2.05/turn                n - ring of willpower
MPRegen 0.19/turn                M - +6 ring of strength

@: lethally poisoned (-5 -> -35), spiked
A: horns 2, retaliatory headbutt
a: Renounce Religion, Draw Escape, Draw Destruction, Draw Summoning, Triple
Draw, Deal Four, Stack Five


You were on level 2 of the Spider Nest.
You worshipped Nemelex Xobeh.
Nemelex Xobeh was exalted by your worship.
You visited 5 branches of the dungeon, and saw 24 of its levels.
You also visited: Ice Cave.

You collected 3285 gold pieces.
You spent 331 gold pieces at shops.

Inventory:

Hand Weapons
 a - a +2 broad axe of freezing (weapon)
 p - a +3 flail of freezing
Missiles
 A - 25 poisoned darts (quivered)
 B - 11 javelins
 K - 5 boomerangs
 L - 2 throwing nets
Armour
 c - a +0 buckler
 f - a +2 pair of boots (worn)
 k - a +2 cloak of cold resistance (worn)
 s - a +0 kite shield of reflection (worn)
 H - the +3 pair of gloves "Tigierr" (worn) {Regen+}
   (You found it on level 5 of the Lair of Beasts)

   Regen:     It increases your rate of health regeneration.
 S - a +2 crystal plate armour of cold resistance (worn)
Jewellery
 i - an amulet of guardian spirit
 j - an amulet of regeneration (around neck)
 n - a ring of willpower (left hand)
 q - a ring of see invisible
 w - an amulet of reflection
 C - a +6 ring of strength
 F - a +4 ring of protection
 M - a +6 ring of strength (right hand)
 P - a ring of positive energy
 W - the ring of Impatience {rPois Dex+2}
   (You found it in an ice cave)

   [ring of poison resistance]

   Dex:       It affects your dexterity (+2).
   rPois:     It protects you from poison.
 Y - a +5 ring of evasion
Wands
 t - a wand of roots (37)
 D - a wand of mindburst (3)
 E - a wand of flame (62)
 O - a wand of paralysis (18)
 T - a wand of light (11)
Scrolls
 l - 8 scrolls of teleportation
 m - 6 scrolls of immolation
 v - 2 scrolls of identify
 y - 2 scrolls of enchant armour
 z - 2 scrolls of poison
 G - a scroll of magic mapping
 N - 4 scrolls of blinking
 R - 2 scrolls of fog
 X - 3 scrolls of fear
 Z - 2 scrolls of vulnerability
Potions
 b - a potion of resistance {unknown}
 d - 6 potions of might
 e - 4 potions of lignification
 g - 2 potions of mutation
 h - 15 potions of curing
 o - 2 potions of cancellation
 r - a potion of brilliance
 u - 7 potions of flight
 x - 5 potions of heal wounds
 I - 3 potions of degeneration
 J - a potion of berserk rage
 Q - 3 potions of haste
 U - 2 potions of magic
 V - 2 potions of invisibility {unknown}


   Skills:
 - Level 17.0 Fighting
 - Level 16.0 Axes
 - Level 17.1 Armour
 - Level 4.0 Dodging
 + Level 13.9 Shields
 - Level 14.1 Invocations


You had 15 spell levels left.
You didn't know any spells.
Your spell library contained the following spells:

 Spells                   Type           Power      Damage    Failure   Level
 Blink                    Tloc           0%         N/A       100%        2
 Lesser Beckoning         Tloc           0%         N/A       100%        2
 Momentum Strike          Conj/Tloc      0%         3d8       100%        2
 Inner Flame              Hex/Fire       0%         N/A       100%        3
 Ozocubu's Armour         Ice            0%         N/A       100%        3
 Tukima's Dance           Hex            0%         N/A       100%        3
 Flame Wave               Conj/Fire      0%         2d4       100%        4
 Passage of Golubria      Tloc           0%         N/A       100%        4
 Sticky Flame             Conj/Fire      0%         2d3       100%        4
 Summon Ice Beast         Ice/Summ       0%         N/A       100%        4
 Alistair's Intoxication  Tmut/Pois      0%         N/A       100%        5
 Fireball                 Conj/Fire      0%         3d3       100%        5
 Iskenderun's Battlesphe  Conj           0%         2d6       100%        5
 Metabolic Englaciation   Hex/Ice        0%         N/A       100%        5
 Silence                  Hex/Air        0%         N/A       100%        5
 Summon Mana Viper        Hex/Summ       0%         N/A       100%        5
 Yara's Violent Unravell  Hex/Tmut       0%         3d3       100%        5
 Conjure Ball Lightning   Conj/Air       0%         3x3d6     100%        6
 Death Channel            Necr           0%         N/A       100%        6
 Simulacrum               Ice/Necr       0%         N/A       100%        6
 Monstrous Menagerie      Summ           0%         N/A       100%        7
 Orb of Destruction       Conj           0%         9d5       100%        7
 Ozocubu's Refrigeration  Ice            0%         4d7       100%        7
 Lehudib's Crystal Spear  Conj/Erth      0%         10d2      100%        8
 Necromutation            Tmut/Necr      0%         N/A       100%        8


Dungeon Overview and Level Annotations

Branches:
Dungeon (13/15)            Temple (1/1) D:6            Lair (5/5) D:10
  Swamp (0/4) Lair:2       Spider (3/4) Lair:2        Slime (0/5) Lair:4
    Orc (2/2) D:10            Elf (0/3) Orc:2        Vaults (0/5) D:13
  IceCv (visited)

Altars:
Ashenzari
Cheibriados
Dithmenos
Elyvilon
Fedhas
Gozag
Hepliaklqana
Kikubaaqudgha
Makhleb
Nemelex Xobeh
Okawaru
Qazlal
Ru
Sif Muna
Trog
Uskayaw
Vehumet
Wu Jian
Xom
Yredelemnul
Zin
The Shining One
Jiyva

Shops:
Orc:2 !*(*=

Annotations:
D:3 Ijyb, Sigmund
D:5 1 runed translucent door, Sar's ghost, novice MeRe
D:7 3 runed translucent doors, glosham's ghost, amateur MeDe
D:9 3 runed translucent doors, mn3067's ghost, novice GrBe


Innate Abilities, Weirdness & Mutations

You have a pair of horns on your head.
You reflexively headbutt those who attack you in melee.


Message History

The spark wasp stings your killer bee!!
Your killer bee dies!
Your killer bee's corpse disappears in a puff of smoke!
Your killer bee stings the redback.
The redback looks as sick as possible!
Your killer bee poisons the redback!
Your killer bee misses the spark wasp.
The steelbarb worm hits you!
* * * LOW HITPOINT WARNING * * *
Barbed spikes become lodged in your body.
Your killer bee completely misses the steelbarb worm.
Your killer bee stings the spark wasp but does no damage.
Your killer bee stings the steelbarb worm.
The steelbarb worm looks as sick as possible!
Your killer bee poisons the steelbarb worm!
You block the steelbarb worm's attack.
Your killer bee closely misses the spark wasp. x2
Your killer bee stings the steelbarb worm but does no damage.
There is a stone staircase leading up, spattered with blood here.
You feel very sick.
Your killer bee stings the steelbarb worm.
The steelbarb worm looks as sick as possible!
Your killer bee poisons the steelbarb worm!
Your killer bee barely misses the redback.
Your killer bee stings the steelbarb worm.
Your killer bee stings the spark wasp but does no damage.
The redback bites you.
* * * LOW HITPOINT WARNING * * *
You are lethally poisoned!
The redback poisons you!
The spark wasp barely misses your killer bee.
You block the steelbarb worm's attack.
Your killer bee closely misses the spark wasp.
Your killer bee stings the steelbarb worm but does no damage.
Your killer bee misses the spark wasp.
Your killer bee stings the redback.
The redback looks as sick as possible!
Your killer bee poisons the redback!
Your killer bee barely misses the steelbarb worm.
The barbed spikes dig painfully into your body as you move.
* * * LOW HITPOINT WARNING * * *
You climb upwards.
Your summoned ally is left behind.
You die...
Your body glows with a rainbow of weird colours and disappears.

.####........#
##.#........##
...##.......###
....#.........##
...##..........##
...#............###
...##..........##.####
....####.##....#.w.#.##
.......###....##@s....#
.........##...###.....##
^.........#...##.......##
..........###....^......#
............#...........#
............#..........#####
............#..^##....###..#
..........^.#...###........#
............##..#..........#


You could see a steelbarb worm (extremely poisoned) and a redback (distracted,
extremely poisoned).

Vanquished Creatures
  Jorgrun (D:12)
  Donald (Orc:2)
  A ghost moth (Spider:2)
  An emperor scorpion (Spider:1)
  3 orc warlords
  Azrael (Orc:2)
  2 spark wasps (Spider:2)
  A fire dragon (Lair:5)
  An entropy weaver (Spider:1)
  5 vault guards (D:13)
  3 hydras
  3 radroaches
  2 centaur warriors
  3 catoblepae
  2 boulder beetles
  7 two-headed ogres
  10 death yaks
  An iron troll (Orc:2)
  6 pharaoh ants
  3 skysharks
  A sea snake (D:10)
  A death drake (D:10)
  A deep troll (Orc:2)
  3 orb spiders
  A steelbarb worm (Spider:2)
  2 deep elf archers (D:13)
  A necromancer (Lair:4)
  3 orc knights
  3 lindwurms (Lair:5)
  A wizard (D:13)
  A deep elf pyromancer (D:12)
  A wolf spider zombie (D:7)
  An ugly thing (D:12)
  4 wolf spiders
  3 cyclopes
  2 orc sorcerers
  3 manticores
  7 elephants (Lair:5)
  3 centaur zombies (D:7)
  7 torpor snails
  An eye of devastation (Spider:2)
  Maurice (D:10)
  2 ice statues (IceCv)
  2 gargoyles
  3 demonic crawlers
  5 black mambas
  9 cane toads
  A kobold demonologist (D:12)
  2 centaur skeletons (D:7)
  4 rime drakes
  3 unseen horrors
  8 komodo dragons
  3 meliai (Spider:1)
  2 polar bears
  2 hellwings (D:7)
  8 trolls
  Prince Ribbit (D:8)
  9 hornets
  23 blink frogs
  4 tyrant leeches
  11 dream sheep
  11 tarantellas
  9 culicivoras
  5 shadows
  44 yaks
  11 jumping spiders
  7 wyverns
  2 fire elementals (Orc:2)
  2 basilisks
  15 redbacks
  11 wargs
  2 swamp worms (Lair:2)
  13 water moccasins
  3 hell hounds (Orc:2)
  An ice beast (D:5)
  25 orc warriors
  3 sky beasts
  3 black bears (Lair:3)
  2 elephant zombies (Lair:4)
  16 wolves
  21 ogres
  2 boggarts
  3 centaurs
  2 phantoms (D:6)
  2 gnoll sergeants
  19 bullfrogs
  A komodo dragon zombie (Lair:4)
  2 scorpions (D:5)
  8 wights
  18 killer bees
  4 lindwurm simulacra (IceCv)
  6 electric eels
  3 howler monkeys (D:9)
  A lava snake (D:8)
  9 hounds
  5 komodo dragon simulacra (IceCv)
  A jelly (D:6)
  19 orc priests
  A sleepcap (D:6)
  Jessica (D:2)
  4 iguanas
  13 orc wizards
  2 human simulacra (D:9)
  13 gnolls
  6 acid dragon simulacra (IceCv)
  7 adders
  4 shadow imps (D:7)
  16 white imps
  4 steam dragon simulacra (IceCv)
  2 ufetubi
  2 worms (D:3)
  3 dart slugs
  80 orcs
  6 endoplasms
  7 giant cockroaches
  5 goblins
  8 hobgoblins
  5 jackals
  2 quokkas
  9 ball pythons
  3 bats
  4 frilled lizards
  10 kobolds
  4 rats
  A spectral kobold (D:5)
743 creatures vanquished.

Vanquished Creatures (collateral kills)
  An orc warlord (Orc:2)
  Snorg (D:10)
  An ogre mage (Orc:2)
  A catoblepas (Lair:5)
  3 two-headed ogres
  5 death yaks
  A wolf spider zombie (D:7)
  An ugly thing (D:11)
  2 cyclopes
  2 elephants (Lair:5)
  A centaur zombie (D:7)
  A rime drake (Lair:5)
  3 trolls (Orc:2)
  A merfolk (Orc:2)
  4 yaks (Lair:5)
  A redback (Spider:3)
  A basilisk (Lair:5)
  A warg (Orc:2)
  A water moccasin (IceCv)
  An orc warrior (Orc:2)
  A black bear (Lair:3)
  2 ogres (Orc:2)
  A howler monkey (D:11)
  2 acid dragon simulacra (IceCv)
  5 orcs
44 creatures vanquished.

Vanquished Creatures (others)
  An ogre mage (Orc:2)
  A rime drake (IceCv)
  A jumping spider (Spider:2)
  4 bushes
  47 fungi
  108 plants
  6 withered plants (D:7)
168 creatures vanquished.

Grand Total: 955 creatures vanquished

Notes
Turn   | Place    | Note
-------+----------+-------------------------------------------
     0 | D:1      | MacCMillion the Minotaur Fighter began the quest for the
                  | Orb.
     0 | D:1      | Reached XP level 1. HP: 19/19 MP: 0/0
   204 | D:1      | Reached XP level 2. HP: 26/26 MP: 1/1
   610 | D:1      | Found a faded altar of an unknown god.
  1122 | D:2      | Found a sacrificial altar of Ru.
  1125 | D:2      | Reached XP level 3. HP: 31/31 MP: 2/2
  1155 | D:2      | Noticed Jessica
  1166 | D:2      | Killed Jessica
  1283 | D:2      | Reached XP level 4. HP: 35/39 MP: 3/3
  1450 | D:2      | Reached skill level 5 in Shields
  1634 | D:3      | Noticed Sigmund
  2277 | D:3      | Reached skill level 5 in Axes
  2289 | D:3      | Noticed Ijyb
  2440 | D:4      | Reached XP level 5. HP: 30/45 MP: 4/4
  2671 | D:4      | Found a broken altar of Ashenzari.
  2692 | D:4      | Noticed an ogre
  2699 | D:4      | Killed an ogre
  2700 | D:4      | Reached XP level 6. HP: 35/51 MP: 5/5
  2831 | D:4      | Found a glowing golden altar of the Shining One.
  2834 | D:4      | Noticed an angel
  3310 | D:4      | Found a basalt altar of Yredelemnul.
  3312 | D:4      | Noticed a profane servitor
  3408 | D:5      | Entered Level 5 of the Dungeon
  3810 | D:5      | Reached XP level 7. HP: 52/57 MP: 6/6
  3925 | D:5      | Found a hazy altar of Hepliaklqana.
  4101 | D:5      | Reached skill level 10 in Axes
  4187 | D:5      | Reached skill level 1 in Dodging
  4744 | D:5      | Reached XP level 8. HP: 67/67 MP: 7/7
  4759 | D:5      | Noticed Sar's ghost (novice MeRe)
  4760 | D:5      | Found a runed translucent door.
  5105 | D:6      | Reached skill level 5 in Fighting
  5105 | D:6      | Reached skill level 5 in Armour
  5217 | D:6      | Found a staircase to the Ecumenical Temple.
  5234 | Temple   | Entered the Ecumenical Temple
  5424 | Temple   | Became a worshipper of Nemelex Xobeh the Trickster
  5453 | D:6      | Reached skill level 1 in Invocations
  5805 | D:6      | Reached XP level 9. HP: 38/78 MP: 8/10
  6292 | D:6      | Found a burning altar of Makhleb.
  6440 | D:6      | Noticed a green death
  6535 | D:6      | Reached * piety under Nemelex Xobeh
  6647 | D:7      | Received a gift from Nemelex Xobeh
  6795 | D:7      | Found a hide-covered altar of Uskayaw.
  7287 | D:7      | Found a shadowy altar of Dithmenos.
  7287 | D:7      | Found a radiant altar of Vehumet.
  7287 | D:7      | Found a sacrificial altar of Ru.
  7336 | D:7      | Reached skill level 5 in Invocations
  7392 | D:7      | Noticed a hellwing
  7417 | D:7      | Reached XP level 10. HP: 34/91 MP: 10/13
  7434 | D:7      | Identified the -1 quarterstaff "Eviscerator" {pain, rElec
                  | rCorr}
  8215 | D:7      | Reached skill level 10 in Fighting
  8215 | D:7      | Reached skill level 10 in Armour
  8396 | D:7      | Found a runed translucent gate.
  8400 | D:7      | Found a runed translucent gate.
  8400 | D:7      | Found a runed translucent gate.
  8400 | D:7      | Noticed glosham's ghost (amateur MeDe)
  8517 | D:8      | Reached ** piety under Nemelex Xobeh
  8530 | D:8      | Noticed Grum
  8606 | D:8      | Paralysed by a hornet for 2 turns
  8832 | D:8      | Grum changed into Grum the boggart
  8832 | D:8      | Noticed Grum
  8839 | D:8      | Killed Grum the boggart
  9104 | D:8      | Noticed a two-headed ogre
  9115 | D:8      | Killed a two-headed ogre
  9116 | D:8      | Reached XP level 11. HP: 82/101 MP: 11/15
  9259 | D:8      | Received a gift from Nemelex Xobeh
  9834 | D:8      | Noticed Prince Ribbit
  9849 | D:8      | Killed Prince Ribbit
 10543 | D:9      | Reached *** piety under Nemelex Xobeh
 10731 | D:9      | Found a runed translucent gate.
 10732 | D:9      | Found a runed translucent gate.
 10733 | D:9      | Found a runed translucent gate.
 10755 | D:9      | Noticed mn3067's ghost (novice GrBe)
 10755 | D:9      | Identified the +7 chain mail of the Charmed God {rPois
                  | Str+3}
 10797 | D:9      | Identified the ring "Xuewn" {rC+ EV+5 Int+5}
 10852 | D:9      | Found an ancient bone altar of Kikubaaqudgha.
 10852 | D:9      | Found an ornate altar of the Wu Jian Council.
 10970 | D:9      | Received a gift from Nemelex Xobeh
 11425 | D:10     | Entered Level 10 of the Dungeon
 11435 | D:10     | Noticed Nergalle
 11437 | D:10     | Nergalle changed into Nergalle the death drake
 11437 | D:10     | Noticed Nergalle
 11439 | D:10     | Killed Nergalle the death drake
 11439 | D:10     | Noticed Maurice
 11469 | D:10     | Killed Maurice
 12217 | D:10     | Found a staircase to the Lair.
 12377 | D:10     | Reached **** piety under Nemelex Xobeh
 12485 | D:10     | Noticed Snorg
 12533 | D:10     | Killed Snorg
 12778 | D:10     | Found a staircase to the Orcish Mines.
 12963 | D:10     | Noticed a two-headed ogre
 12967 | D:10     | a two-headed ogre changed into a sea snake
 12967 | D:10     | Noticed a sea snake
 12984 | D:10     | Killed a sea snake
 13173 | D:11     | Received a gift from Nemelex Xobeh
 13196 | D:11     | Noticed a cyan ugly thing
 13200 | D:11     | Identified the +0 quarterstaff "Ewubica" {flame, rElec rF-
                  | rN+++ SInv}
 13205 | D:11     | Killed a cyan ugly thing
 13352 | D:11     | Noticed a two-headed ogre
 13372 | D:11     | Killed a two-headed ogre
 13405 | D:11     | Noticed Urug
 13407 | D:11     | Urug changed into Urug the cyclops
 13407 | D:11     | Noticed Urug
 13411 | D:11     | Killed Urug the cyclops
 13481 | D:11     | Received a gift from Nemelex Xobeh
 13921 | D:11     | Noticed a centaur warrior
 13928 | D:11     | Killed a centaur warrior
 13929 | D:11     | Reached XP level 12. HP: 89/110 MP: 14/17
 14078 | Lair:1   | Entered Level 1 of the Lair of Beasts
 14654 | Lair:1   | Received a gift from Nemelex Xobeh
 15195 | Lair:1   | Noticed a death yak
 15207 | Lair:1   | a death yak changed into a catoblepas
 15207 | Lair:1   | Noticed a catoblepas
 15212 | Lair:1   | Killed a catoblepas
 15282 | Lair:1   | Received a gift from Nemelex Xobeh
 15978 | Lair:2   | Found a frozen archway.
 15979 | Lair:2   | Received a gift from Nemelex Xobeh
 16076 | IceCv    | Entered an ice cave
 16321 | IceCv    | Reached skill level 10 in Invocations
 16813 | IceCv    | Identified the ring of Impatience {rPois Dex+2}
 17021 | IceCv    | Noticed an ice dragon
 17032 | IceCv    | an ice dragon changed into a wolf spider
 17421 | Lair:2   | Reached skill level 15 in Axes
 17448 | Lair:2   | Reached XP level 13. HP: 119/119 MP: 19/19
 17533 | Lair:2   | Found a hole to the Spider Nest.
 17822 | Lair:2   | Reached ***** piety under Nemelex Xobeh
 17836 | Lair:2   | Received a gift from Nemelex Xobeh
 18399 | Lair:2   | Found a staircase to the Swamp.
 18596 | Lair:3   | Received a gift from Nemelex Xobeh
 18754 | Lair:3   | Received a gift from Nemelex Xobeh
 18771 | Lair:3   | Identified the +1 long sword of Context {venom, rF+ rC-
                  | Dex+5}
 19444 | Lair:4   | Received a gift from Nemelex Xobeh
 19570 | Lair:4   | Found a staircase to the Slime Pits.
 19571 | Lair:4   | Found a viscous altar of Jiyva.
 19722 | Lair:4   | Received a gift from Nemelex Xobeh
 20220 | Lair:5   | Entered Level 5 of the Lair of Beasts
 20789 | Lair:5   | Reached XP level 14. HP: 127/133 MP: 19/21
 21054 | Lair:5   | Received a gift from Nemelex Xobeh
 21240 | Lair:5   | Found a runed translucent door.
 21281 | Lair:5   | Paralysed by a hornet for 2 turns
 21321 | Lair:5   | Reached skill level 15 in Armour
 21419 | Lair:5   | Reached skill level 15 in Fighting
 22091 | Lair:5   | Received a gift from Nemelex Xobeh
 22529 | Lair:5   | Identified the +3 pair of gloves "Tigierr" {Regen+}
 23033 | Orc:1    | Entered Level 1 of the Orcish Mines
 23038 | Orc:1    | Received a gift from Nemelex Xobeh
 23152 | Orc:1    | Noticed an orc warlord
 23164 | Orc:1    | Killed an orc warlord
 23530 | Orc:2    | Entered Level 2 of the Orcish Mines
 23531 | Orc:2    | Found Muydwoz's Jewellery Shop.
 23739 | Orc:2    | Received a gift from Nemelex Xobeh
 23752 | Orc:2    | Found Bimekh's Antique Weapon Emporium.
 23762 | Orc:2    | Noticed Donald
 23773 | Orc:2    | Reached XP level 15. HP: 135/144 MP: 20/24
 23783 | Orc:2    | Killed Donald
 23899 | Orc:2    | Found Viufoe Kibym's Assorted Antiques.
 23915 | Orc:2    | Found Doisoics's Distillery.
 23917 | Orc:2    | Found Suyxtoh's Assorted Antiques.
 23920 | Orc:2    | Bought a shimmering steel amulet for 115 gold pieces
 23920 | Orc:2    | Identified the amulet of Caeheog {Acrobat rPois Int+5} (You
                  | bought it in a shop on level 2 of the Orcish Mines)
 23947 | Orc:2    | Bought a potion of berserk rage for 80 gold pieces
 23976 | Orc:2    | Found a staircase to the Elven Halls.
 24065 | Orc:2    | Noticed Azrael
 24076 | Orc:2    | Killed Azrael
 24137 | Orc:2    | Identified the +0 hand axe of Conversion {drain, *Rage rC+
                  | Int+3 Dex+3}
 24662 | Orc:2    | Paralysed by an orc sorcerer for 2 turns
 25182 | Orc:2    | Bought a broad axe for 136 gold pieces
 25443 | D:12     | Identified the +6 sling of Ywameit {drain, rElec rF- rC+
                  | rCorr Str+2}
 25470 | D:12     | Noticed Jorgrun
 25575 | D:12     | Killed Jorgrun
 25749 | D:12     | Received a gift from Nemelex Xobeh
 26046 | D:12     | Received a gift from Nemelex Xobeh
 26240 | D:12     | Reached ****** piety under Nemelex Xobeh
 26537 | D:13     | Found a gate to the Vaults.
 26707 | D:13     | Received a gift from Nemelex Xobeh
 26858 | D:13     | Got the Vellum of Toxic Darkness
 27444 | Lair:2   | Identified a scroll of acquirement
 27445 | Lair:2   | Acquired an amulet of regeneration
 27468 | Spider:1 | Entered Level 1 of the Spider Nest
 27504 | Spider:1 | Noticed an emperor scorpion
 27520 | Spider:1 | Killed an emperor scorpion
 27521 | Spider:1 | Reached skill level 10 in Shields
 27873 | Spider:1 | Found the necklace of Bloodlust {Fury *Rage Will++ Int-3
                  | Slay+6}
 28306 | Spider:1 | Identified the +0 leather armour of Dust Devil {Contam
                  | rPois rCorr Str+3}
 28482 | Spider:1 | Reached XP level 16. HP: 99/155 MP: 25/25
 29144 | Spider:2 | Received a gift from Nemelex Xobeh
 29758 | Spider:2 | Received a gift from Nemelex Xobeh
 30154 | Spider:2 | Succumbed to a redback's poison

Illustrated notes

Levels and vault maps discovered:
D:1:      dpeg_arrival_pits, layout_basic,
          hellmonk_ecumenical_altar_heavens_door, serial_bayou_crossing
D:2:      layout_loops_cross, basic_altar, uniq_jessica
D:3:      layout_basic, uniq_ijyb, uniq_sigmund
D:4:      layout_cave_pools, grunt_temple_overflow_holy_war,
          nicolae_ashenzari_skybound, roderic_lattice_a
D:5:      layout_basic, nicolae_hepliaklqana_monster_ancestors,
          hellmonk_ghost_happy_afterlife, minmay_misc_feat_alley
D:6:      layout_basic, makhleb_altar_promises_db, minmay_temple_entry_arrows
D:7:      cheibrodos_grave_circle, layout_loops_ring,
          gammafunk_temple_overflow_forgotten,
          mainiacjoe_overflow_six_doors_small, gammafunk_ghost_nasty_kobolds,
          corexii_hall_statues_l, minivault_4, eino_jars
D:8:      layout_layer_cave, nicolae_lava_and_water, uniq_grum,
          uniq_prince_ribbit1
D:9:      layout_cave_pods, gammafunk_temple_overflow_elements,
          biasface_ghost_orc_armoury, bh_circular_ruins
D:10:     layout_stronghold, erik_lair_island, david_orc_5, serial_column_ruins,
          column_ruins_grid_1, column_ruins_grid_3, column_ruins_columns_plus,
          column_ruins_grid_1, column_ruins_corridor_straight,
          column_ruins_grid_1, uniq_nergalle, uniq_snorg, uniq_maurice
D:11:     layout_loops_cross, uniq_urug
D:12:     layout_roguey, uniq_jorgrun
D:13:     layout_cave_pods, grunt_vaults_entry_fortified
Temple:   nicolae_temple_bog_church
Lair:1:   layout_cave_pods, serial_bayou_pond_e, st_stairs_9,
          nicolae_lair_grazing_beasts [nicolae_sub_lair_graze_edge,
          nicolae_sub_lair_graze_edge, nicolae_sub_lair_graze_edge,
          nicolae_sub_lair_graze_edge], serial_bayou_shore_a
Lair:2:   layout_cave_pods, palyth_hydra_swamp_entry,
          nicolae_spider_entry_lesser_pyramids, portal_ice_cave_entry_imps
Lair:3:   layout_regular_city, beast_lair_carwin_8, grunt_megastairs_4
Lair:4:   pond_and_an_island_with_a_cottage, layout_cellular_growth,
          slime_entry_1, lemuel_old_faithful
Lair:5:   wormcave, layout_regular_city, hangedman_lair_in_review,
          grunt_megastairs_1
Spider:1: layout_cave_pods
Spider:2: layout_spider_delve, drop_trap
Spider:3: layout_spider_delve
Orc:1:    layout_caves
Orc:2:    st_orc_open, layout_diamond_mine, basic_altar, special_room,
          nicolae_orc_sculptors_studio, minmay_shop_enchanted_jewellery,
          minmay_orc_treasury, uniq_azrael, uniq_donald

Skill      XL: |  1  2  3  4  5  6  7  8  9 10 11 12 13 14 15 16 |
---------------+-------------------------------------------------+-----
Shields        | 4 5 11 13 | 13.9
Axes           | 3 4 5 6 8 10 12 15 16 | 16.0
Fighting       | 4 6 9 10 11 12 14 16 17 | 17.0
Armour         | 4 6 9 10 11 12 14 16 17 | 17.1
Dodging        | 1 4 |  4.0
Invocations    | 2 5 7 9 10 11 13 14 | 14.1

Action                     |  1- 3 |  4- 6 |  7- 9 | 10-12 | 13-15 | 16-18 || total
---------------------------+-------+-------+-------+-------+-------+-------++-------
  Melee: War axe           |    69 |   110 |   213 |   608 |   840 |       ||  1840
         Headbutt          |     8 |    17 |    50 |   130 |   275 |    33 ||   513
         Flail             |       |       |       |       |    25 |       ||    25
         Broad axe         |       |       |       |       |   163 |   147 ||   310
  Throw: Dart              |       |       |       |     3 |       |       ||     3
 Invoke: Draw Summoning    |       |       |     1 |    11 |    13 |     2 ||    27
         Draw Destruction  |       |       |       |    15 |    19 |     4 ||    38
         Triple Draw       |       |       |       |     1 |     1 |       ||     2
         Draw Escape       |       |       |       |       |     6 |     1 ||     7
         Deal Four         |       |       |       |       |     3 |       ||     3
  Evoke: Wand              |       |       |       |     8 |     2 |       ||    10
    Use: Scroll            |       |       |     4 |     5 |    22 |       ||    31
         Potion            |       |       |     1 |     1 |     1 |     1 ||     4
   Stab: Invisible         |       |       |       |       |     2 |       ||     2
 Armour: Scale mail        |    39 |    64 |       |       |       |       ||   103
         Chain mail        |       |     1 |   149 |   101 |       |       ||   251
         Skin              |       |       |    20 |       |       |       ||    20
         Plate armour      |       |       |       |   235 |       |       ||   235
         Crystal plate arm |       |       |       |    11 |   790 |   139 ||   940
  Dodge: Dodged            |    27 |    50 |   106 |   272 |   353 |    44 ||   852
  Block: Buckler           |    15 |    23 |    49 |   112 |   192 |       ||   391
         Kite shield       |       |       |       |       |    54 |    90 ||   144

Table legend: (Time is in decaauts)
 A = Elapsed time spent in this place.
 B = Non-inter-level travel time spent in this place.
 C = Inter-level travel time spent in this place.
 D = Time resting spent in this place.
 E = Time spent auto-exploring this place.
 F = Levels seen in this place.
 G = Mean time per level.
                   A        B        C        D        E       F      G
               +--------+--------+--------+--------+--------+-----+--------+
         Total |  30039 |  28554 |   1485 |   6022 |  17390 |  25 | 1201.6 |
       Dungeon |  16234 |  15323 |    911 |   2922 |  10026 |  13 | 1248.8 |
        Temple |    221 |    212 |      9 |      0 |    164 |   1 |  221.0 |
          Lair |   7646 |   7294 |    352 |   1184 |   4617 |   5 | 1529.2 |
   Spider Nest |   2668 |   2628 |     40 |    789 |   1418 |   3 |  889.3 |
  Orcish Mines |   2094 |   1922 |    172 |    378 |    939 |   2 | 1047.0 |
      Ice Cave |   1174 |   1174 |      0 |    749 |    226 |   1 | 1174.0 |
               +--------+--------+--------+--------+--------+-----+--------+

Top non-repeatable levels by time:
  Lair:5: 2565 daAuts
     D:7: 2026 daAuts
    D:10: 1812 daAuts
     D:5: 1722 daAuts
  Lair:1: 1673 daAuts
     D:8: 1626 daAuts
  Lair:2: 1528 daAuts
Spider:1: 1461 daAuts
     D:9: 1355 daAuts
   Orc:2: 1347 daAuts
     D:4: 1235 daAuts
Spider:2: 1192 daAuts
   IceCv: 1174 daAuts
     D:6: 1138 daAuts
     D:1: 1032 daAuts
